Map: Ulrena

Players

vLDemonizer

  • Race: Terran Terran
  • League: Grandmaster

Nathanias - Winner!

  • Race: Terran Terran
  • League: Grandmaster

Event: NationWars III

VOD

Have the link to the VOD?

Description

Time

  • Played on: Nov. 19, 2015, 2:51 p.m.
  • Length: 12:39
Show
View Real Time Build Order
Export as new Build Order

vLDemonizer Terran 

Build Orders: Reaper Expand, Bio Tank, MMM Bio 

Get SALT Encoding   

  12  0:01  SCV  
  13  0:13  SCV  
  14  0:17  Supply Depot  
  14  0:25  SCV  
  15  0:39  SCV  
  15  0:41  Barracks  
  16  0:45  Refinery  
  16  0:51  SCV  
  17  1:03  SCV  
  18  1:15  SCV  
  19  1:31  Orbital Command  
  18  1:33  Reaper  
  19  1:45  Command Center  
  19  1:52  Refinery  
  19  1:57  SCV  
  20  2:05  Barracks Reactor  
  20  2:06  Supply Depot  
  20  2:09  SCV  
  21  2:21  SCV  
  22  2:23  Factory  
  22  2:33  SCV  
  23  2:42  Marine x2  
  25  2:45  SCV  
  24  2:59  Orbital Command  
  24  3:00  Marine x2  
  24  3:01  Bunker  
  24  3:05  SCV  
  27  3:11  Widow Mine  
  29  3:17  SCV  
  29  3:18  Marine  
  30  3:21  Marine  
  30  3:27  SCV  
  31  3:32  SCV  
  31  3:36  Marine  
  31  3:37  Starport  
  31  3:40  SCV  
  32  3:45  Widow Mine  
  32  3:47  SCV  
  35  3:50  Engineering Bay  
  35  3:54  SCV  
  35  4:01  Marine x2  
  35  4:02  Supply Depot  
  37  4:03  SCV  
  38  4:10  SCV  
  38  4:14  Viking  
  41  4:17  Missile Turret  
  41  4:20  SCV  
  42  4:25  Factory Tech Lab  
  42  4:28  SCV  
  43  4:35  SCV, Missile Turret  
  44  4:40  SCV  
  44  4:42  Marine  
  44  4:43  Marine  
  43  4:54  SCV  
  43  4:59  SCV  
  35  5:08  SCV, Marine x2  
  35  5:11  Siege Tank  
  41  5:14  Viking  
  41  5:20  SCV  
  43  5:27  Marine x2  
  45  5:45  Viking, Marine  
  45  5:47  Marine  
  45  5:48  Siege Tank  
  50  5:50  SCV  
  37  6:28  Command Center  
  37  6:32  Command Center  
  35  6:46  Supply Depot  
  35  6:48  Supply Depot  
  35  6:52  Starport Reactor  
  35  6:53  Terran Infantry Weapons Level 1, Barracks  
  35  6:54  Stimpack  
  35  6:55  Barracks  
  35  6:58  Factory Tech Lab  
  35  7:07  SCV, Marine  
  37  7:18  Siege Tank  
  37  7:19  SCV  
  41  7:27  Marine  
  42  7:31  SCV  
  43  7:37  Starport Reactor  
  43  7:40  Orbital Command  
  43  7:43  SCV, Marine x2  
  46  7:45  Marine  
  46  7:50  Orbital Command  
  47  7:52  Marine  
  47  7:54  Marine  
  47  7:57  SCV  
  50  8:03  Siege Tank  
  53  8:06  SCV  
  53  8:09  SCV  
  53  8:11  Supply Depot  
  55  8:13  Marine  
  55  8:16  Marine x2  
  55  8:18  SCV  
  59  8:25  Refinery x2  
  59  8:26  Medivac  
  61  8:29  Medivac  
  61  8:30  Marine, Orbital Command  
  61  8:33  SCV x2  
  66  8:38  Supply Depot, Marine x2  
  68  8:44  Marine  
  68  8:45  SCV, Marine  
  71  8:53  Siege Tank  
  74  8:56  SCV x2  
  74  8:59  Supply Depot, Terran Infantry Armor Level 1  
  76  9:05  SCV  
  76  9:06  Marine x2  
  78  9:11  Combat Shields  
  78  9:15  Supply Depot, Barracks x2  
  78  9:16  SCV  
  78  9:18  SCV  
  78  9:23  Marine  
  80  9:24  Marine x2  
  80  9:28  SCV  
  83  9:34  Marine x2  
  52  9:47  Marine  
  52  9:51  SCV, Marine x2  
  52  10:06  Medivac  
  52  10:07  Marine  
  37  10:30  Orbital Command  
  37  10:33  Marine x2  
  39  10:59  Marine x2  
  41  11:05  Marine x2  
  43  11:13  Marine x2  
  43  11:16  Marine  
  42  11:30  Marine x3  
  45  11:39  Marine x2  
  35  11:41  Marine  
  33  11:47  Medivac  
  33  11:48  Marine  
  33  11:50  Medivac  
  33  11:51  Marine  
  33  11:52  Command Center  
  39  11:54  Marine  
  39  11:59  Siege Tank  
  39  12:01  Marine  
  44  12:03  Marine  
  44  12:05  Marine  
  44  12:07  Marine  
  47  12:11  Marine  
  47  12:13  SCV  
  49  12:17  Marine  
Show
View Real Time Build Order
Export as new Build Order

Nathanias Terran - Winner!

Build Orders: 1/1/1, Liberator Opening 

Get SALT Encoding   

  12  0:00  SCV  
  13  0:12  SCV  
  14  0:17  Supply Depot  
  14  0:24  SCV  
  15  0:30  Refinery  
  15  0:39  SCV  
  16  0:45  Barracks  
  16  0:51  SCV  
  17  1:03  SCV  
  18  1:07  Refinery  
  18  1:15  SCV  
  19  1:27  SCV  
  20  1:39  Reaper  
  21  1:40  Orbital Command  
  21  1:41  Factory  
  21  1:50  Supply Depot  
  21  2:06  SCV  
  22  2:11  Reaper  
  23  2:18  SCV  
  24  2:25  Hellion  
  24  2:27  Starport  
  26  2:30  SCV  
  26  2:31  Supply Depot  
  27  2:42  SCV  
  27  2:43  Barracks Reactor  
  28  2:46  Hellion  
  30  2:54  SCV  
  30  2:57  Engineering Bay  
  31  3:01  Supply Depot  
  31  3:06  SCV  
  32  3:17  Factory Tech Lab  
  32  3:18  SCV  
  33  3:26  Liberator  
  32  3:30  SCV  
  32  3:34  Marine x2  
  32  3:42  SCV, Siege Tank  
  39  3:52  Missile Turret  
  39  3:53  Marine x2  
  39  3:55  SCV  
  42  4:05  Supply Depot  
  42  4:07  SCV  
  43  4:11  Marine x2  
  43  4:16  Liberator  
  45  4:19  Supply Depot, Siege Tank  
  45  4:23  SCV  
  49  4:29  Marine  
  50  4:35  SCV  
  50  4:36  Supply Depot  
  50  4:37  Marine  
  55  4:47  SCV  
  55  4:51  Marine  
  57  4:54  Marine  
  57  4:55  Siege Tank  
  57  4:59  SCV  
  57  5:09  Marine  
  57  5:11  SCV  
  57  5:12  Marine  
  60  5:16  Viking  
  62  5:24  SCV  
  62  5:26  Marine  
  64  5:30  Marine  
  64  5:36  SCV  
  60  5:44  Marine  
  60  5:48  SCV, Marine  
  56  6:01  SCV  
  56  6:02  Marine  
  56  6:03  Command Center, Starport Reactor  
  57  6:06  Marine  
  52  6:17  SCV  
  51  6:29  SCV  
  49  6:38  Siege Tank  
  50  6:41  SCV  
  50  6:42  Viking, Barracks  
  50  6:44  Barracks Tech Lab, Viking  
  55  6:47  Barracks  
  55  7:05  Marine  
  55  7:06  SCV, Stimpack  
  55  7:07  Terran Infantry Weapons Level 1  
  57  7:10  Supply Depot  
  57  7:21  Viking  
  59  7:23  SCV  
  59  7:28  Marine  
  61  7:30  Marine  
  61  7:31  Marine  
  61  7:35  SCV  
  64  7:39  Orbital Command  
  64  7:45  Viking  
  66  7:53  Sensor Tower  
  66  7:58  Supply Depot  
  66  7:59  Liberator, Marine x2  
  66  8:02  Siege Tank  
  66  8:04  Barracks Reactor  
  71  8:05  Marine  
  71  8:09  SCV x2  
  74  8:16  Marine x2  
  74  8:17  Liberator  
  79  8:22  Refinery  
  79  8:24  Refinery, Missile Turret  
  79  8:27  Supply Depot  
  79  8:30  SCV  
  79  8:31  SCV  
  81  8:36  Marine x2  
  86  8:42  Marine  
  86  8:43  Supply Depot, Marine  
  86  8:45  Marine  
  89  8:54  Marine x2  
  90  8:58  Supply Depot  
  90  9:01  Terran Infantry Armor Level 1  
  90  9:02  Siege Tank  
  93  9:03  Marine x2  
  93  9:07  Marine  
  96  9:10  SCV x2  
  96  9:13  Marine x2  
  100  9:20  Marine x2  
  100  9:22  SCV x2  
  104  9:24  Marine  
  105  9:31  Marine  
  105  9:33  Marine  
  105  9:34  SCV x2  
  109  9:38  Marine x2  
  109  9:42  Marine  
  100  9:46  SCV x2  
  100  9:49  Marine  
  100  9:50  Marine  
  101  9:56  Marine  
  101  9:58  SCV  
  101  9:59  Marine  
  104  10:05  Marine  
  104  10:06  SCV  
  98  10:20  Marine  
  90  10:24  Marine x3  
  90  10:27  Medivac x2  
  84  10:31  Siege Tank  
  84  10:34  Combat Shields  
  85  10:40  SCV  
  85  10:42  Marine x2  
  89  10:45  Marine x2  
  89  10:46  Marine  
  91  11:00  Marine x2  
  91  11:02  Medivac x2  
  91  11:03  Marine  
  91  11:04  Marine  
  98  11:05  Siege Tank  
  98  11:06  Marine  
  103  11:23  Marine  
  93  11:32  Marine x2  
  92  11:38  Marine x2  
  95  11:41  Marine  
  96  11:47  Siege Tank, Medivac x2  
  103  11:56  Marine x2  
  105  12:02  Armory  
  105  12:04  Engineering Bay, Marine x3  
  108  12:08  Orbital Command  
  108  12:13  Marine x2  
Tags
 
Add a new tag
Caveats
  • Supply blocks, unpowered buildings, or Contaminate may cause inaccurate times.
  • Supply counts are checked every 10 seconds.